[Event "*** Titled Tuesday Blitz"]
[Site "Chess.com"]
[Date "2020.04.28"]
[Round "3"]
[White "mamey78"]
[Black "manuellarrea"]
[Result "1-0"]
[WhiteElo "2391"]
[BlackElo "2181"]
[TimeControl "180+1"]
[EndTime "10:26:57 PDT"]
[Termination "mamey78 won by resignation"]

1. e4 c5 2. Nf3 Nc6 3. c3 Nf6 4. e5 Nd5 5. d4 cxd4 6. Bc4 e6 7.
cxd4 d6 8. O-O Be7 9. Qe2 O-O 10. Bd2 Qc7 11. Nc3 Nxc3 12. Bxc3 dxe5 13. dxe5 b6 14. Qe4 Bb7 15. Bd3 g6 16. Qg4 Rfd8 17. Be4 Bf8 18.
h4 Bg7 19. h5 Rab8 20. Rfe1 Ne7 21. hxg6 hxg6 22. Ng5 Bxe4 23. Rxe4 Nf5 24. Qh3 Rd5 25. Qh7+ Kf8 26. Bb4+ Ne7 27. Rf4 1-0

[Event "*** Titled Tuesday Blitz"]
[Site "Chess.com"]
[Date "2020.04.28"]
[Round "3"]
[White "GHANDEEVAM2003"]
[Black "csati17"]
[Result "1-0"]
[WhiteElo "2845"]
[BlackElo "2460"]
[TimeControl "180+1"]
[EndTime "10:26:58 PDT"]
[Termination "GHANDEEVAM2003 won by resignation"]

1. c4 Nf6 2. Nc3 e6 3. e4 d6 4. d4 g6 5. Nf3 Bg7 6. Be2 O-O 7.
O-O a6 8. h3 c6 9. a4 d5 10. e5 Ne8 11. a5 Nc7 12. b3 f6 13.
exf6 Bxf6 14. Bh6 Re8 15. Qd2 Nd7 16. Rfe1 b6 17. axb6 Nxb6 18. Bf4 dxc4 19. bxc4 c5 20. Ne4 Bg7 21. Nxc5 e5 22. Bg5 Qd6 23. Ne4 Qe6 24. Nxe5 Bb7 25. Nc5 Qc8 26. Nxb7 Bxe5 27. dxe5 Qxb7 28.
Bf3 Nxc4 29. Bxb7 Nxd2 30. Bxd2 1-0

[Event "*** Titled Tuesday Blitz"]
[Site "Chess.com"]
[Date "2020.04.28"]
[Round "3"]
[White "Sashadav97"]
[Black "Yuri202062"]
[Result "1-0"]
[WhiteElo "2753"]
[BlackElo "2517"]
[TimeControl "180+1"]
[EndTime "10:27:00 PDT"]
[Termination "Sashadav97 won by resignation"]

1. d4 d5 2. c4 e6 3. Nc3 c6 4. Nf3 Nf6 5. Bg5 dxc4 6. e4 b5 7. e5 h6 8. Bh4 g5 9. Nxg5 hxg5 10. Bxg5 Nbd7 11. exf6 Bb7 12. g3 Qb6 13. Bg2 O-O-O 14. O-O c5 15. d5 b4 16. Rb1 bxc3 17. bxc3 Qa6 18. Rxb7 Qxb7 19. dxe6 Qb6 20. e7 Re8 21. Qd5 Nb8 22. Qxf7 Bxe7 23. fxe7 Nc6 24. Qe6+ 1-0

[Event "*** Titled Tuesday Blitz"]
[Site "Chess.com"]
[Date "2020.04.28"]
[Round "3"]
[White "Joshukid"]
[Black "crazy_but_lazy"]
[Result "1-0"]
[WhiteElo "2559"]
[BlackElo "2355"]
[TimeControl "180+1"]
[EndTime "10:27:02 PDT"]
[Termination "Joshukid won by resignation"]

1. Nf3 Nf6 2. c4 e6 3. g3 b6 4. Bg2 Bb7 5. O-O Be7 6. b3 O-O 7. Nc3 c5 8. d4 cxd4 9. Qxd4 Nc6 10. Qf4 Qb8 11. Qxb8 Raxb8 12. Bf4 Rbd8 13. Rfd1 a6 14.
Bc7 Rc8 15. Bxb6 Bb4 16. Na4 d5 17. Bc5 Rfd8 18. Bxb4 Nxb4 19. c5 Bc6 20. Nb6 Rc7 21. a3 Nc2 22. Ra2 1-0

[Event "*** Titled Tuesday Blitz"]
[Site "Chess.com"]
[Date "2020.04.28"]
[Round "3"]
[White "Gajuchess"]
[Black "Chessmatus"]
[Result "1-0"]
[WhiteElo "2745"]
[BlackElo "2345"]
[TimeControl "180+1"]
[EndTime "10:27:03 PDT"]
[Termination "Gajuchess won by resignation"]

1. d4 Nf6 2. c4 g6 3. Nc3 d5 4.
cxd5 Nxd5 5. e3 Bg7 6. Bc4 Nxc3 7. bxc3 c5 8. Nf3 O-O 9. O-O Nc6 10. Ba3 b6 11.
dxc5 Qc7 12. Rc1 Na5 13. Bd5 Bb7 14. cxb6 axb6 15. Bxb7 Nxb7 16. Qb3 Na5 17. Qb5 Rfe8 18. c4 Nb7 19. Qb3 Na5 20. Qb5 Nb7 21. Bb2 Rxa2 22. Qxe8+ 1-0

[Event "*** Titled Tuesday Blitz"]
[Site "Chess.com"]
[Date "2020.04.28"]
[Round "3"]
[White "Izoria123"]
[Black "Sergey85Rodchenkov"]
[Result "1-0"]
[WhiteElo "2812"]
[BlackElo "2543"]
[TimeControl "180+1"]
[EndTime "10:27:04 PDT"]
[Termination "Izoria123 won by resignation"]

1. Nf3 d5 2. g3 Nf6 3. Bg2 c6 4. c4 dxc4 5. O-O g6 6. Na3 Bg7 7. Nxc4 O-O 8. b3 Nd5 9. Bb2 Bxb2 10. Nxb2 Na6 11. Rc1 Nf6 12. d4 Bf5 13. Nc4 Be4 14. Qd2 Qd5 15. Rfd1 Rfd8 16. Qa5 Rac8 17. Qxd5 cxd5 18.
Na5 Rxc1 19. Rxc1 b6 20. Nc6 Rd7 21. Nfe5 Rc7 22. f3 Bf5 23. g4 Be6 24. Nd3 Kg7 25. Kf2 Ne8 26. Ke3 Nd6 27. Kd2 Nc8 28. Nf4 g5 29. Nxe6+ fxe6 30. e3 Kf6 31. Bf1 1-0

[Event "*** Titled Tuesday Blitz"]
[Site "Chess.com"]
[Date "2020.04.28"]
[Round "3"]
[White "Man-Chuk"]
[Black "keepitcool9499"]
[Result "1-0"]
[WhiteElo "2718"]
[BlackElo "2456"]
[TimeControl "180+1"]
[EndTime "10:27:08 PDT"]
[Termination "Man-Chuk won by resignation"]

1. c4 e6 2. Nc3 Nf6 3. e4 d5 4.
cxd5 exd5 5. e5 Nfd7 6. d4 Bb4 7.
Nf3 O-O 8. Bd3 f5 9. O-O Bxc3 10.
bxc3 c5 11. Ng5 Qe7 12. Nh3 Nc6 13. Nf4 Nb6 14. Ba3 Qg5 15. Nh3 Qg4 16. Bxc5 Rd8 17. Qxg4 fxg4 18. Nf4 Na4 19. Bd6 Nxc3 20. Rfc1 Ne4 21.
Bxe4 dxe4 22. d5 Nd4 23. Rc4 Nf5 24. Bc7 Re8 25. Rxe4 Bd7 26. e6 Bb5 27. a4 Ba6 28. d6 1-0

[Event "*** Titled Tuesday Blitz"]
[Site "Chess.com"]
[Date "2020.04.28"]
[Round "3"]
[White "MacDaddyMac"]
[Black "Luibov_AN"]
[Result "1-0"]
[WhiteElo "2325"]
[BlackElo "2106"]
[TimeControl "180+1"]
[EndTime "10:27:08 PDT"]
[Termination "MacDaddyMac won by resignation"]

1. e4 g6 2. d4 Bg7 3. Nf3 c5 4. c3 cxd4 5. cxd4 Nc6 6. Nc3 Qb6 7.
d5 Nb8 8. Bc4 d6 9. O-O a6 10.
Rb1 Bxc3 11. bxc3 Qxb1 12. Qd4 f6 13. Ba3 Qc2 14. Bb3 Qe2 15. Re1 Qxe1+ 16. Nxe1 Nd7 17. f4 Nh6 18. Nd3 Nf7 19. c4 O-O 20. c5 dxc5 21. Nxc5 Nxc5 22. Bxc5 Re8 23. d6 exd6 24. Qxf6 dxc5 25.
Bxf7+ Kf8 26. Bxg6+ 1-0

[Event "*** Titled Tuesday Blitz"]
[Site "Chess.com"]
[Date "2020.04.28"]
[Round "3"]
[White "Koalaskakistis"]
[Black "manmanlai1"]
[Result "1-0"]
[WhiteElo "2521"]
[BlackElo "2296"]
[TimeControl "180+1"]
[EndTime "10:27:12 PDT"]
[Termination "Koalaskakistis won by resignation"]

1. e4 c5 2. Nf3 e6 3. g3 Nc6 4.
Bg2 Nf6 5. d3 d5 6. Nbd2 Qc7 7.
O-O Bd6 8. Re1 O-O 9. Qe2 Nd7 10. c3 b6 11. exd5 exd5 12. Ng5 h6 13. Nxf7 Rxf7 14. Bxd5 Nf6 15. Bxf7+ Qxf7 16. Ne4 Bf8 17. Kg2 Bb7 18. f3 Rd8 19. Be3 Nd5 20. Bg1 Kh8 21. h4 Re8 22.
Bf2 Ne5 23. d4 cxd4 24. Bxd4 Ng6 25. Kg1 Nf6 26. Bxf6 gxf6 27. Nd6 Rxe2 28. Nxf7+ 1-0

[Event "*** Titled Tuesday Blitz"]
[Site "Chess.com"]
[Date "2020.04.28"]
[Round "3"]
[White "IMRosen"]
[Black "Popopuiyt"]
[Result "1-0"]
[WhiteElo "2557"]
[BlackElo "2349"]
[TimeControl "180+1"]
[EndTime "10:27:15 PDT"]
[Termination "IMRosen won by resignation"]

1. d4 Nf6 2. Bf4 g6 3. Nc3 d5 4. e3 Bg7 5. h4 h5 6. Nf3 O-O 7. Ne5 c5 8. dxc5 Qa5 9. Qd4 Nfd7 10. b4 Nxe5 11. bxa5 Nf3+ 12. gxf3 Bxd4 13. exd4 Nc6 14. O-O-O Bf5 15. Bd3 Nxd4 16. Bxf5 Nxf5 17. Rxd5 Rac8 18. Ne4 Rfd8 19. Rxd8+ Rxd8 20. Rd1 Rxd1+ 21. Kxd1 Nxh4 22.
a6 1-0

[Event "*** Titled Tuesday Blitz"]
[Site "Chess.com"]
[Date "2020.04.28"]
[Round "3"]
[White "Vuk2000"]
[Black "Angel_Hranitel_37"]
[Result "1-0"]
[WhiteElo "2653"]
[BlackElo "2376"]
[TimeControl "180+1"]
[EndTime "10:27:17 PDT"]
[Termination "Vuk2000 won by resignation"]

1. e4 c5 2. Nc3 Nc6 3. g3 g6 4. Bg2 Bg7 5. d3 e5 6. Be3 d6 7.
Qd2 Nge7 8. Bh6 O-O 9. h4 f6 10. Nge2 Rb8 11. h5 g5 12. Bxg7 Kxg7 13. h6+ Kh8 14.
f4 Ng6 15. Nd5 Be6 16. f5 Bxd5 17. fxg6 hxg6 18. exd5 Ne7 19. Nc3 b5 20. Ne4 Kh7 21.
O-O-O Ng8 22. Rdf1 b4 23. Bh3 Nxh6 24. Be6 Kg7 25. Qh2 Rh8 26. Rxf6 Qa5 27. Qxh6+ Rxh6 28. Rf7+ Kg8 29. Nf6+ 1-0

[Event "*** Titled Tuesday Blitz"]
[Site "Chess.com"]
[Date "2020.04.28"]
[Round "3"]
[White "maciek_92"]
[Black "VolodymyrMolyboha"]
[Result "1-0"]
[WhiteElo "2676"]
[BlackElo "2419"]
[TimeControl "180+1"]
[EndTime "10:27:17 PDT"]
[Termination "maciek_92 won by resignation"]

1. e4 g6 2. d4 Bg7 3. Nc3 d6 4. Bg5 c6 5. Qd2 b5 6. a4 b4 7. Nce2 a5 8. Nf3 h6 9. Bf4 Ba6 10. O-O-O Nf6 11. Ng3 d5 12. Bxa6 Nxa6 13. Rhe1 c5 14.
e5 Ne4 15. Nxe4 dxe4 16. Rxe4 Qd5 17. Qe2 c4 18. e6 f5 19. Re3 O-O 20. Be5 Qc6 21.
Bxg7 Kxg7 22. Ne5 Qxa4 23. Nxc4 Rac8 24. b3 Qa2 25. Kd2 Nc7 26. Re5 a4 27. Ra5 Ra8 28. Qe5+ Kh7 29. Qxc7 Rxa5 30. Qxa5 axb3 31. Qxa2 bxa2 32.
Ra1 Ra8 33. Kc1 Rc8 34. Nd2 Rc6 35. d5 Rc5 36. Rxa2 Rxd5 37. Ra7 Re5 38. Rxe7+ Kg8 39.
Kd1 1-0

[Event "*** Titled Tuesday Blitz"]
[Site "Chess.com"]
[Date "2020.04.28"]
[Round "3"]
[White "pedromartinez91"]
[Black "canhhuan"]
[Result "1-0"]
[WhiteElo "2425"]
[BlackElo "2656"]
[TimeControl "180+1"]
[EndTime "10:27:18 PDT"]
[Termination "pedromartinez91 won by resignation"]

1. e4 c5 2. Nf3 d6 3. Bb5+ Bd7 4.
Bxd7+ Qxd7 5. O-O Nc6 6. c3 g6 7. d4 cxd4 8. cxd4 Bg7 9. d5 Ne5 10. Nxe5 Bxe5 11. Nc3 Rc8 12. Be3 a6 13. Na4 Qb5 14.
Rc1 Rd8 15. Bb6 Ra8 16. Rc7 Nf6 17. f4 Bxb2 18. Qc2 O-O 19. Rb1 Qb4 20. Rc4 Qa3 21. Rxb2 Nd7 22. Rb3 1-0

[Event "*** Titled Tuesday Blitz"]
[Site "Chess.com"]
[Date "2020.04.28"]
[Round "3"]
[White "fidezivkovic"]
[Black "Morshynska"]
[Result "1-0"]
[WhiteElo "2307"]
[BlackElo "2060"]
[TimeControl "180+1"]
[EndTime "10:27:19 PDT"]
[Termination "fidezivkovic won by resignation"]

1. e4 c5 2. Nc3 Nc6 3. f4 d6 4. Nf3 g6 5. Bb5 Bd7 6. O-O Nd4 7. Bc4 Bg7 8. d3 b5 9. Bd5 Rb8 10. Nxd4 cxd4 11. Ne2 e6 12. Bb3 Ne7 13. Qe1 Nc6 14. f5 Qe7 15. Nf4 a5 16. a4 b4 17. Qg3 O-O 18. Nh5 gxh5 19. f6 1-0

[Event "*** Titled Tuesday Blitz"]
[Site "Chess.com"]
[Date "2020.04.28"]
[Round "3"]
[White "IlzeBerzina"]
[Black "karwowskikacper"]
[Result "1-0"]
[WhiteElo "2165"]
[BlackElo "2331"]
[TimeControl "180+1"]
[EndTime "10:27:20 PDT"]
[Termination "IlzeBerzina won by checkmate"]

1. e4 c5 2. Nf3 e6 3. c4 Nc6 4. Nc3 Nge7 5. Be2 g6 6. d4 cxd4 7. Nxd4 Bg7 8. Ndb5 O-O 9. O-O a6 10. Nd6 Nd4 11. Be3 Nec6 12. f4 Qc7 13. e5 Nxe2+ 14.
Qxe2 f6 15. Nce4 fxe5 16. fxe5 Nxe5 17. Rxf8+ Bxf8 18. c5 Bxd6 19. Nxd6 b6 20. Bd4 Nc6 21. Qf3 bxc5 22. Qf7# 1-0

[Event "*** Titled Tuesday Blitz"]
[Site "Chess.com"]
[Date "2020.04.28"]
[Round "3"]
[White "harkerchess"]
[Black "BikingBrian"]
[Result "0-1"]
[WhiteElo "2002"]
[BlackElo "2297"]
[TimeControl "180+1"]
[EndTime "10:27:20 PDT"]
[Termination "BikingBrian won by checkmate"]

1. d4 Nf6 2. Bg5 c5 3. d5 Ne4 4.
Bf4 e6 5. f3 Bd6 6. Bxd6 Nxd6 7. e4 e5 8. Nd2 O-O 9. a4 f5 10.
Bd3 c4 11. Bxc4 fxe4 12. fxe4 Nxc4 13. Nxc4 Qh4+ 14. Ke2 Qxe4+ 15. Ne3 d6 16. h3 Nd7 17. Qd3 Nc5 18. Qxe4 Nxe4 19. Nf3 Ng3+ 20. Kd2 Nxh1 21.
Rxh1 Bd7 22. b3 b5 23. axb5 Bxb5 24. c4 Bd7 25. Ke2 Rfb8 26. Nd2 a5 27. Rf1 a4 28. bxa4 Rxa4 29. Rc1 Ra2 30. Rd1 Rbb2 31. Ke1 Ba4 32. Rb1 Rxd2 33. Rb8+ Kf7 34. Rb7+ Kg6 35. Rb6 Rdb2 36.
Rxd6+ Kf7 37. Re6 Rb1+ 38. Nd1 Rxd1# 0-1

[Event "*** Titled Tuesday Blitz"]
[Site "Chess.com"]
[Date "2020.04.28"]
[Round "3"]
[White "Problematique_99"]
[Black "MusicCityMaster"]
[Result "0-1"]
[WhiteElo "2483"]
[BlackElo "2253"]
[TimeControl "180+1"]
[EndTime "10:27:24 PDT"]
[Termination "MusicCityMaster won by resignation"]

1. d4 Nf6 2. Bf4 d6 3. Nc3 Nbd7 4. Nf3 c5 5. d5 b5 6. Nxb5 Ba6 7. a4 Qa5+ 8. Bd2 Qb6 9. c4 e5 10.
dxe6 fxe6 11. g3 Be7 12. Bg2 Bb7 13. a5 Qd8 14. a6 Bc6 15. O-O Nb6 16. Bh3 Nxc4 17.
Ng5 Bxb5 18. Nxe6 Qb6 19. Nxg7+ Kf7 20. Bh6 Bf8 21. Nf5 Bxh6 22. Nxh6+ Kg6 23. Nf5 Ne5 24.
Nxd6 Rad8 25. Qc2+ Kg7 26. Nf5+ Kf7 27. f4 c4+ 28. Rf2 Neg4 29. e3 Nxf2 30. Kxf2 Rd2+ 0-1

[Event "*** Titled Tuesday Blitz"]
[Site "Chess.com"]
[Date "2020.04.28"]
[Round "3"]
[White "Angry_Twin"]
[Black "Embrujada"]
[Result "1-0"]
[WhiteElo "2784"]
[BlackElo "2448"]
[TimeControl "180+1"]
[EndTime "10:27:25 PDT"]
[Termination "Angry_Twin won by resignation"]

1. e4 c5 2. Nf3 e6 3. d4 cxd4 4. Nxd4 a6 5. c4 Nf6 6. Nc3 Bb4 7. Qd3 O-O 8. e5 Ne8 9. a3 Bxc3+ 10. Qxc3 Qc7 11.
Bf4 Nc6 12. Nf3 f6 13. Bg3 f5 14. Bf4 Ne7 15. h4 b5 16. Bg5 Rf7 17. cxb5 Qb8 18. Bxe7 Rxe7 19. bxa6 Nc7 20. Bc4 Bxa6 21. O-O Bxc4 22.
Qxc4 Nd5 23. b4 f4 24. Rfc1 Qf8 25. Qe4 Rf7 26. a4 h6 27. b5 Rf5 28. a5 g5 29.
hxg5 hxg5 30. b6 g4 31. b7 Rb8 32. a6 gxf3 33. a7 Ra8 34. bxa8=Q Qxa8 35. Qxf3 Rg5 36. Rc8+ 1-0

[Event "*** Titled Tuesday Blitz"]
[Site "Chess.com"]
[Date "2020.04.28"]
[Round "3"]
[White "Valuebet2000"]
[Black "ahachess"]
[Result "1-0"]
[WhiteElo "2582"]
[BlackElo "2378"]
[TimeControl "180+1"]
[EndTime "10:27:25 PDT"]
[Termination "Valuebet2000 won by resignation"]

1. d4 Nf6 2. c4 g6 3. Nc3 Bg7 4. e4 d6 5. Nf3 O-O 6. Be2 e5 7.
O-O Nc6 8. d5 Ne7 9. Ne1 Nd7 10.
f3 f5 11. Nd3 c5 12. a3 a6 13. b4 b6 14. Rb1 Rf7 15. bxc5 bxc5 16. Bd2 Qf8 17. Na4 Bh6 18. Nb6 Nxb6 19. Rxb6 Bxd2 20. Qxd2 fxe4 21. fxe4 Rxf1+ 22. Bxf1 Qf6 23. Qf2 Qg5 24. Rxd6 Bg4 25. h3 Bxh3 26. Qf6 Qe3+ 27. Kh2 Rf8 28. Qxe7 Rxf1 29. Rd8+ 1-0

[Event "*** Titled Tuesday Blitz"]
[Site "Chess.com"]
[Date "2020.04.28"]
[Round "3"]
[White "powermove"]
[Black "AnkitGajwa"]
[Result "0-1"]
[WhiteElo "1645"]
[BlackElo "2469"]
[TimeControl "180+1"]
[EndTime "10:27:25 PDT"]
[Termination "AnkitGajwa won by resignation"]

1. e4 c5 2. Nf3 d6 3. Bb5+ Nd7 4. O-O Nf6 5. Re1 a6 6. Bf1 b6 7. d3 Bb7 8. Nbd2 e6 9. Nc4 Be7 10. a4 O-O 11. g3 d5 12. exd5 exd5 13. Nce5 Nxe5 14.
Nxe5 Re8 15. Bg2 Bd6 16. d4 cxd4 17. Qxd4 Qc7 18. Bf4 Ne4 19. Bxe4 dxe4 20. Ng6 Rad8 21. Bxd6 Rxd6 0-1

[Event "*** Titled Tuesday Blitz"]
[Site "Chess.com"]
[Date "2020.04.28"]
[Round "3"]
[White "Fy_Rakotomaharo"]
[Black "WPWPWP-2015"]
[Result "1-0"]
[WhiteElo "2637"]
[BlackElo "2409"]
[TimeControl "180+1"]
[EndTime "10:27:26 PDT"]
[Termination "Fy_Rakotomaharo won by resignation"]

1. e4 c5 2. Nf3 e6 3. d4 cxd4 4. Nxd4 Nc6 5. Nc3 Qc7 6. g3 Nf6 7. Bg2 a6 8. O-O Be7 9. Re1 d6 10. Be3 O-O 11. f4 Nxd4 12. Qxd4 e5 13. Qd2 Bd7 14. h3 Bc6 15. g4 b5 16. g5 b4 17.
Nd5 Nxd5 18. exd5 Bd7 19. fxe5 dxe5 20. d6 Bxd6 21. Bxa8 Bxh3 22. Bg2 Bf5 23. Rad1 Be7 24. c3 Rd8 25. Qc1 Rxd1 26. Rxd1 b3 27. axb3 e4 28. Qd2 Qg3 29. Qd8+ 1-0

[Event "*** Titled Tuesday Blitz"]
[Site "Chess.com"]
[Date "2020.04.28"]
[Round "3"]
[White "Susal_De_Silva"]
[Black "Alohamora11"]
[Result "0-1"]
[WhiteElo "2260"]
[BlackElo "2514"]
[TimeControl "180+1"]
[EndTime "10:27:26 PDT"]
[Termination "Alohamora11 won by resignation"]

1. e4 c5 2. Nf3 g6 3. c3 Bg7 4.
d4 cxd4 5. cxd4 d5 6. e5 Bg4 7.
Nc3 e6 8. Be2 Nc6 9. Be3 Nge7 10.
Qb3 O-O 11. O-O Qd7 12. Rac1 Nf5 13. Rfd1 f6 14. exf6 Bxf6 15. Na4 Bxf3 16. Nc5 Qf7 17. Bxf3 Ncxd4 18. Bxd4 Nxd4 19. Rxd4 Bxd4 20. Nxe6 Bxf2+ 21. Kxf2 Qxe6 22. Kg1 Rfd8 23. h3 Qb6+ 24. Qxb6 axb6 25. a3 Rac8 26. Bxd5+ Kg7 27. Rxc8 Rxc8 28. Bc6 Rxc6 0-1

[Event "*** Titled Tuesday Blitz"]
[Site "Chess.com"]
[Date "2020.04.28"]
[Round "3"]
[White "Confer77"]
[Black "Efremov_Vlad"]
[Result "1-0"]
[WhiteElo "2485"]
[BlackElo "2136"]
[TimeControl "180+1"]
[EndTime "10:27:27 PDT"]
[Termination "Confer77 won by checkmate"]

1. e4 c5 2. a3 Nc6 3. b4 cxb4 4. axb4 Nxb4 5. d4 d5 6. c3 Nc6 7. exd5 Qxd5 8. Na3 e5 9. Nb5 Qd7 10. d5 Nb8 11. d6 Na6 12. Rxa6 bxa6 13. Nc7+ Kd8 14. Nxa8 Qxd6 15. Qf3 Nf6 16. Be2 e4 17. Qe3 Qc6 18. Qxa7 Bc5 19. Qxf7 Qxa8 20. Qxg7 Rf8 21. Bg5 Qc6 22. Nh3 Bxh3 23. gxh3 Be7 24. O-O Rg8 25.
Rd1+ Ke8 26. Bh5+ Nxh5 27. Qxe7# 1-0

[Event "*** Titled Tuesday Blitz"]
[Site "Chess.com"]
[Date "2020.04.28"]
[Round "3"]
[White "ferdipy"]
[Black "Gromes7"]
[Result "0-1"]
[WhiteElo "2263"]
[BlackElo "2006"]
[TimeControl "180+1"]
[EndTime "10:27:27 PDT"]
[Termination "Gromes7 won by resignation"]

1. e4 c5 2. d4 cxd4 3. c3 d3 4. c4 Nc6 5. Bxd3 e5 6. Nf3 Bc5 7. O-O Nf6 8. Nc3 h6 9. a3 a5 10.
Qe2 O-O 11. h3 d6 12. Be3 Re8 13. Rfd1 Be6 14. Rac1 Qe7 15. Nd5 Bxd5 16. cxd5 Nd4 17. Nxd4 Bxd4 18. Bxd4 exd4 19. Qc2 Nd7 20. f4 Nc5 21. e5 Nxd3 22. Qxd3 dxe5 23. fxe5 Qxe5 24. Qxd4 Rad8 25. d6 Qxd4+ 26. Rxd4 Rd7 27. Rc7 Red8 28. a4 f6 29. Rd5 Kf7 30. Rxa5 Ke6 31. Rb5 Rb8 32.
Rbxb7 Rxb7 0-1

[Event "*** Titled Tuesday Blitz"]
[Site "Chess.com"]
[Date "2020.04.28"]
[Round "3"]
[White "Hanging_pointer"]
[Black "FranciscodelaF"]
[Result "1-0"]
[WhiteElo "2581"]
[BlackElo "2378"]
[TimeControl "180+1"]
[EndTime "10:27:29 PDT"]
[Termination "Hanging_pointer won by resignation"]

1. c4 e6 2. g3 d5 3. Bg2 Nf6 4. Nf3 dxc4 5. O-O Nbd7 6. Qa4 a6 7. Qxc4 b5 8. Qc6 Rb8 9. Qc2 Bb7 10. a4 b4 11. d3 c5 12. Nbd2 Be7 13. Nc4 O-O 14. e4 Rc8 15. b3 Qc7 16. Bb2 Rfd8 17. Nfe5 Nxe5 18. Bxe5 Qc6 19. h3 Nd7 20. Bf4 f6 21. h4 e5 22. Be3 Nf8 23. Na5 Qb6 24. Qc4+ Kh8 25. Nxb7 Qxb7 26. h5 a5 27. Bh3 Rc7 28.
Rac1 Qb6 29. Rfd1 Qd6 30. h6 Nd7 31. hxg7+ Kxg7 32. Bf5 Rb8 33. Kg2 Nf8 34. Rh1 Ng6 35.
Rxh7+ Kxh7 36. Qf7+ 1-0

[Event "*** Titled Tuesday Blitz"]
[Site "Chess.com"]
[Date "2020.04.28"]
[Round "3"]
[White "HaryKane"]
[Black "IMTominho"]
[Result "0-1"]
[WhiteElo "2602"]
[BlackElo "2809"]
[TimeControl "180+1"]
[EndTime "10:27:31 PDT"]
[Termination "IMTominho won by resignation"]

1. e4 e5 2. Nf3 Nf6 3. Nxe5 d6 4. Nc4 Nxe4 5. Nc3 Nf6 6. d4 Be7 7. Bd3 O-O 8. O-O d5 9. Ne5 c5 10. dxc5 Bxc5 11. Bg5 h6 12. Bh4 Nc6 13. Nf3 Be6 14. Qd2 Rc8 15. Rae1 Be7 16. Re2 Qb6 17. Rfe1 Rfd8 18.
Nd1 Ne4 19. Qe3 Qxe3 20. Nxe3 Bxh4 21. Nxh4 Nd4 22. c3 Nxe2+ 23. Rxe2 Nc5 24. Bc2 d4 25.
cxd4 Rxd4 26. Nf3 Rdd8 27. h3 Bxa2 28. Nf5 Kf8 29. Ne5 Be6 30. Nd4 Rxd4 0-1

[Event "*** Titled Tuesday Blitz"]
[Site "Chess.com"]
[Date "2020.04.28"]
[Round "3"]
[White "djamir"]
[Black "Fighter008"]
[Result "0-1"]
[WhiteElo "2708"]
[BlackElo "2520"]
[TimeControl "180+1"]
[EndTime "10:27:32 PDT"]
[Termination "Fighter008 won by resignation"]

1. d4 c5 2. e3 e6 3. Nf3 Nf6 4. Bd3 b6 5. O-O Bb7 6. b3 Be7 7. Bb2 O-O 8. Nbd2 d6 9. Qe2 cxd4 10. Nxd4 Nbd7 11. c4 a6 12. Rac1 Rc8 13. Rfd1 Qc7 14. Bb1 Qb8 15. Ba3 Rfe8 16. N4f3 Qa8 17. Qd3 e5 18. Qe2 Nc5 19. Nf1 b5 20. Ng3 bxc4 21. bxc4 Bf8 22. Nd2 Bxg2 23. f3 Bh3 24. Bf5 Bxf5 25.
Nxf5 e4 26. f4 g6 27. Qg2 Nd3 28. Rb1 Qa7 29. Nf1 Nxf4 30. Qg5 Nh3+ 0-1

[Event "*** Titled Tuesday Blitz"]
[Site "Chess.com"]
[Date "2020.04.28"]
[Round "3"]
[White "Blitzking642"]
[Black "Mazanchenko_Dmitry"]
[Result "0-1"]
[WhiteElo "2311"]
[BlackElo "2129"]
[TimeControl "180+1"]
[EndTime "10:27:32 PDT"]
[Termination "Mazanchenko_Dmitry won by checkmate"]

1. d4 g6 2. c4 Bg7 3. Nf3 d6 4. e4 Bg4 5. Be2 Nc6 6. Be3 e5 7. d5 Bxf3 8. Bxf3 Nd4 9. Nc3 c5 10. dxc6 bxc6 11. O-O Ne7 12. Be2 O-O 13. Qd2 f5 14. f3 Qa5 15. Rfd1 Rab8 16. Bf1 Qb4 17. b3 fxe4 18. fxe4 Rxf1+ 19. Kxf1 Rf8+ 20. Ke1 d5 21.
cxd5 cxd5 22. Ne2 Nc2# 0-1

[Event "*** Titled Tuesday Blitz"]
[Site "Chess.com"]
[Date "2020.04.28"]
[Round "3"]
[White "CastleOasisChess"]
[Black "Danfii"]
[Result "1/2-1/2"]
[WhiteElo "2123"]
[BlackElo "2324"]
[TimeControl "180+1"]
[EndTime "10:27:35 PDT"]
[Termination "Game drawn by agreement"]

1. d4 Nf6 2. e3 d5 3. Bd3 e6 4. Nd2 Bd6 5. c3 O-O 6. f4 c5 7. g3 b6 8. Qe2 Bb7 9. Ngf3 Ne4 10. O-O Nd7 11. Ne5 f6 12. Nxd7 Qxd7 13. Nxe4 dxe4 14. Bc4 Bd5 15. Bxd5 exd5 16. dxc5 bxc5 17. Rd1 Bc7 18. c4 d4 19. exd4 cxd4 20. Qxe4 Rad8 21. Rd3 Rfe8 22. Qd5+ Qxd5 23. cxd5 Re1+ 24. Kf2 Rde8 25. b4 Rh1 26. h4 Ree1 27. d6 Bxd6 28. Rxd4 Bf8 29.
Rc4 Kf7 30. a3 Ke6 31. Rc8 Bd6 32. Rc6 Kd5 33. Rc2 Rd1 34. Ke2 Rhe1+ 35. Kf2 Rh1 36. Kf3 Bc7 37. Rxc7 1/2-1/2

[Event "*** Titled Tuesday Blitz"]
[Site "Chess.com"]
[Date "2020.04.28"]
[Round "3"]
[White "Y0ung_Capablanca"]
[Black "etserga"]
[Result "0-1"]
[WhiteElo "2644"]
[BlackElo "2485"]
[TimeControl "180+1"]
[EndTime "10:27:36 PDT"]
[Termination "etserga won by resignation"]

1. d4 d6 2. e4 Nf6 3. Nc3 g6 4. h3 Bg7 5. g4 c5 6. dxc5 Qa5 7. Bg2 Qxc5 8. Nge2 O-O 9. O-O Nc6 10. Be3 Qa5 11. f4 Re8 12. Qd2 a6 13. a3 Rb8 14. b4 Qd8 15.
Rad1 Be6 16. Rfe1 Bc4 17. Ng3 Nd7 18. e5 dxe5 19. f5 Nd4 20. fxg6 hxg6 21. Nce4 Nf6 22. Nc5 Qc7 23. Qf2 Nd5 24. Bxd5 Bxd5 25. Bxd4 exd4 26. Nge4 Rbd8 27. Ng5 e5 28. h4 Qc6 29. Nce4 f6 30.
c4 dxc3 0-1

[Event "*** Titled Tuesday Blitz"]
[Site "Chess.com"]
[Date "2020.04.28"]
[Round "3"]
[White "ChessMavenYeti"]
[Black "Art10ECHR"]
[Result "0-1"]
[WhiteElo "2172"]
[BlackElo "2365"]
[TimeControl "180+1"]
[EndTime "10:27:36 PDT"]
[Termination "Art10ECHR won by checkmate"]

1. Nf3 c5 2. g3 Nc6 3. Bg2 g6 4. O-O Bg7 5. e3 Nf6 6. d4 cxd4 7. Nxd4 O-O 8. b3 d5 9. Bb2 Re8 10. Na3 e5 11. Nxc6 bxc6 12. c4 Bb7 13. Rc1 Qa5 14.
Qe2 Rad8 15. Rfd1 Ba6 16. Qd2 Qxd2 17. Rxd2 Ne4 18. Bxe4 dxe4 19. Rcd1 Bf6 20. Rxd8 Bxd8 21. Bxe5 Bc8 22. Bc3 Bg4 23. Rd6 Be7 24. Rxc6 Bxa3 25.
Ra6 Bc5 26. b4 Bf8 27. Rxa7 Rd8 28. Kg2 Bf3+ 29. Kh3 g5 30. g4 Rd1 31. Ra8 Rg1 32.
Bf6 Bxg4# 0-1

[Event "*** Titled Tuesday Blitz"]
[Site "Chess.com"]
[Date "2020.04.28"]
[Round "3"]
[White "GoValya"]
[Black "kosmeg"]
[Result "0-1"]
[WhiteElo "2145"]
[BlackElo "2389"]
[TimeControl "180+1"]
[EndTime "10:27:37 PDT"]
[Termination "kosmeg won by resignation"]

1. d4 Nf6 2. Nf3 e6 3. g3 b5 4. Bg2 Bb7 5. a4 b4 6. c4 bxc3 7. Nxc3 c5 8. O-O Be7 9. Bf4 O-O 10. Nb5 Na6 11. Nd6 Bd5 12. Rc1 Qb6 13. Nb5 Rfc8 14.
Qd2 cxd4 15. Nfxd4 Nc5 16. Qe3 Bxg2 17. Kxg2 a6 18. a5 Qb7+ 19. f3 axb5 20. Rfd1 Nd5 21. Qd2 Nxf4+ 22. gxf4 b4 23. Kf2 Qa7 24. e3 Qxa5 25.
Rg1 Bf6 26. f5 b3 27. fxe6 Qxd2+ 0-1